 Dungeon Crawl Stone Soup version 0.18-a0-1120-g03bd624 (webtiles) character file.

72 wvc the Chucker (level 4, -1/39 HPs)
             Began as a Naga Hunter on Jan 17, 2016.
             Slain by Grinder (6 damage)
             ... on level 4 of the Dungeon.
             The game lasted 00:04:07 (1775 turns).

wvc the Chucker (Naga Hunter)                       Turns: 1775, Time: 00:04:08

Health: -1/39      AC:  4    Str: 19    XL:     4   Next: 25%
Magic:  4/4        EV: 10    Int: 13    God:
Gold:   69         SH:  0    Dex: 11    Spells: 0 memorised, 3 levels left

rFire  + . .     SeeInvis +     l - +0 spear
rCold  . . .     Gourm    .     o - +0 robe (curse)
rNeg   . . .     Faith    .     (no shield)
rPois  +         Spirit   .     (no helmet)
rElec  .         Dismiss  .     (no cloak)
rCorr  .         Reflect  .     i - +1 pair of gloves
SustAt .         Harm     .     (no barding)
MR     .....                    (no amulet)
Stlth  ++........               (no ring)
                                e - ring of protection from fire

@: mighty, short of breath, very slow, not resistant to hostile enchantments,
unstealthy
A: see invisible, deformed body, poison resistance, slowness 2, slow metabolism
1, spit poison 2, AC +1
a: Spit Poison


You were on level 4 of the Dungeon.
You were not hungry.

You visited 1 branch of the dungeon, and saw 4 of its levels.

You collected 69 gold pieces.

Inventory:

Hand Weapons
 l - a +0 spear (weapon)
Missiles
 c - 5 javelins (quivered)
 d - 2 throwing nets
Armour
 b - a +0 leather armour
 g - a +0 ring mail
 i - a +1 pair of gloves (worn)
 o - a cursed +0 robe (worn)
Jewellery
 e - a ring of protection from fire (left hand)
Scrolls
 h - a scroll of identify
Potions
 k - a potion of curing
Comestibles
 a - 4 fruits
 f - 3 bread rations
 m - a slice of pizza
 n - a meat ration


   Skills:
 - Level 2.0 Fighting
 * Level 2.5 Polearms
 - Level 3.6 Throwing
 - Level 1.4 Armour
 - Level 2.0 Dodging
 - Level 1.5 Stealth


You had 3 spell levels left.
You didn't know any spells.

Dungeon Overview and Level Annotations

Branches:
Dungeon (4/15)
 Temple: D:4-7

Altars:
Ashenzari

Annotations:
D:4 Grinder


Innate Abilities, Weirdness & Mutations

You cannot wear boots.
Your serpentine skin is tough (AC +1).
You have supernaturally acute eyesight.
Armour fits poorly on your strangely shaped body.
Your system is resistant to poisons.
You cover ground very slowly.
You have a slow metabolism.
You can spit poison.


Message History

Grinder barely misses you.
Drink which item? (? for menu, Esc to quit)
You feel very mighty all of a sudden. Grinder closely misses you.
You hit Grinder.
Grinder is lightly wounded.
Grinder hits you!
* * * LOW HITPOINT WARNING * * *
You writhe in agony.
* * * LOW HITPOINT WARNING * * *
Press: ? - help, Shift-Dir - straight line, f - Grinder
Aim: Grinder (lightly wounded)
The splash of poison hits Grinder.
Grinder completely resists.
Grinder is lightly wounded.
You feel slightly more hungry.
Grinder says, "Just stop there for a second..."
Grinder hits you.
* * * LOW HITPOINT WARNING * * *
You writhe in agony.
You die...

# #.
###..#########
.............#
#5# #@# #.#
#.# #.# #.#
... #.# ...


You could see Grinder.

Vanquished Creatures
  3 adders (D:2)
  An ooze (D:1)
  2 giant cockroaches (D:1)
  7 hobgoblins
  3 ball pythons
  3 bats (D:1)
  A giant newt (D:1)
  10 goblins
  4 kobolds
  7 rats
41 creatures vanquished.

Notes
Turn   | Place    | Note
--------------------------------------------------------------
     0 | D:1      | wvc the Naga Hunter began the quest for the Orb.
     0 | D:1      | Reached XP level 1. HP: 19/19 MP: 1/1
   147 | D:1      | Reached XP level 2. HP: 1/26 MP: 2/2
   603 | D:1      | Reached skill level 1 in Armour
   840 | D:1      | Reached XP level 3. HP: 28/32 MP: 3/3
  1092 | D:2      | Reached skill level 1 in Polearms
  1300 | D:2      | Reached XP level 4. HP: 29/39 MP: 4/4
  1533 | D:2      | Found a shattered altar of Ashenzari.
  1750 | D:3      | Noticed Grinder
  1775 | D:4      | Slain by Grinder

Vault maps used:
D:1:      zaba_arrival_water, minmay_misc_feat_hallway
D:2:      overflow_temple_1_default, first_bread, evilmike_ruin_ashenzari
D:3:      kennysheep_generic_room_15, uniq_sigmund, uniq_grinder
D:4:      serial_glass, glass_columns_b, glass_columns_a, glass_columns_b,
          glass_columns_a, glass_columns_c, glass_columns_b, glass_columns_b,
          glass_columns_a

Action                   |  1- 3 |  4- 6 || total
-------------------------+-------+-------++-------
Melee: Short sword       |    53 |       ||    53
       Spear             |    43 |    38 ||    81
Throw: Javelin           |    13 |     3 ||    16
 Abil: Spit Poison       |     3 |     3 ||     6
  Use: Scroll            |       |     2 ||     2
       Potion            |       |     1 ||     1
 Stab: Sleeping          |     2 |       ||     2
  Eat: Chunk             |     1 |     1 ||     2
